 Dungeon Crawl Stone Soup version 0.23.2-1-ga50397a (webtiles) character file.

Game seed: 17194433022838805059

1069 Mrkaede the Skirmisher (level 8, -12/76 HPs)
             Began as a Gargoyle Berserker on Apr 27, 2019.
             Was a Believer of Trog.
             Mangled by an orc warrior
             ... wielding a +0 long sword
              (13 damage)
             ... on level 6 of the Dungeon.
             The game lasted 00:08:17 (4054 turns).

Mrkaede the Skirmisher (Gargoyle Berserker)         Turns: 4054, Time: 00:08:18

Health: -12/76     AC: 15    Str: 27    XL:     8   Next: 28%
Magic:  8/8        EV:  9    Int:  9    God:    Trog [**....]
Gold:   205        SH:  0    Dex:  9    Spells: 7/7 levels left

rFire    . . .     SeeInvis .   p - +2 great mace
rCold    . . .     Gourm    .   (shield currently unavailable)
rNeg     + . .     Faith    .   i - +0 chain mail
rPois    ∞         Spirit   .   (no helmet)
rElec    +         Reflect  .   (no cloak)
rCorr    .         Harm     .   (no gloves)
MR       .....                  (no boots)
Stlth    ..........             (no amulet)
HPRegen  0.22/turn              (no ring)
MPRegen  0.11/turn              (no ring)

@: berserking (expiring), very quick
A: negative energy resistance 1, electricity resistance, unbreathing,
petrification resistance, rot immunity, AC +5
a: Berserk, Trog's Hand, Renounce Religion


You were on level 6 of the Dungeon.
You worshipped Trog.
Trog was pleased with you.
You were not hungry.

You visited 1 branch of the dungeon, and saw 8 of its levels.
You also visited: Sewer.

You collected 205 gold pieces.

Inventory:

Hand Weapons
 a - a +0 mace
 p - a +2 great mace (weapon)
Armour
 b - a +0 animal skin
 d - a +0 scale mail
 i - a +0 chain mail (worn)
 k - a +0 leather armour
Wands
 j - a wand of iceblast (10)
 v - a wand of random effects (16)
Scrolls
 e - 2 scrolls of fog
 g - a scroll of remove curse
 h - a scroll of magic mapping
 r - a scroll of blinking {unknown}
 s - a scroll of enchant armour {unknown}
 t - 3 scrolls of teleportation {unknown}
 x - 3 scrolls of vulnerability {unknown}
 y - a scroll of fear {unknown}
 A - a scroll of noise {unknown}
Potions
 f - 3 potions of curing
 l - 2 potions of lignification
 m - 3 potions of flight
 n - a potion of cancellation
 o - a potion of might
 q - 3 potions of haste
 u - 2 potions of degeneration {unknown}
 w - a potion of ambrosia {unknown}
 z - a potion of invisibility {unknown}
Comestibles
 c - 9 rations


   Skills:
 * Level 6.1 Fighting
 * Level 6.1 Maces & Flails
 + Level 2.3 Throwing
 * Level 5.1 Armour
 + Level 3.1 Dodging


You had 7 spell levels left.
You didn't know any spells.
Your spell library was empty.

Dungeon Overview and Level Annotations

Branches:
Dungeon (8/15)
 Temple: D:4-7         Lair: D:8-11

Altars:
Cheibriados
Fedhas
Kikubaaqudgha
Qazlal
Ru
Trog
Xom


Innate Abilities, Weirdness & Mutations

You are resistant to torment.
Your stone body is resilient. (AC +5)
You are immune to poison.
You resist negative energy. (rN+)
You are resistant to electric shocks. (rElec)
You can survive without breathing.
You are immune to petrification.
You are immune to rotting.


Message History

You kill the orc priest!
Trog accepts your kill.
The orc wizard hits you but does no damage.
The orc hits you but does no damage. The orc warrior barely misses you.
You sock the orc wizard!
The orc wizard is severely wounded.
The orc wizard hits you but does no damage.
The orc barely misses you.
Unknown command.
You sock the orc wizard!
You kill the orc wizard!
Trog accepts your kill.
Trog appreciates your killing of a magic user.
The orc warrior hits you with a +0 long sword!
* * * LOW HITPOINT WARNING * * *
The orc hits you but does no damage.
You are too berserk!
You closely miss the orc. The orc closely misses you.
The orc warrior hits you with a +0 long sword!
You die...

*,,,,,,,,*,,,,,,,* *,
*,,,,,,,,#.......# *,
*,,,,,,,,#.......* *,
*,,,,,,,,#.......* *,
*,,,,>,,,#.......* **
*,,,**,,,*#.....#*### *,
**+***,,,*#.....##..## *,
*,,,**,,,##...)oo....# ********
*,,,*,,,,+....[@.....# *,,,,,**
#...+,,,,#......##..#####,,,,,,,
#...#*,,,##.....##..##..#*,,,,,,
#...####+##.....##......#,,,,,**
#........##.....##......#,,,,,**
#........<..............#*,,,,*
#.......................###+####
#..............................#
#..............................#


You could see an orc warrior and an orc.

Vanquished Creatures
  A hungry ghost (D:8)
  A water moccasin (D:8)
  Purgy (Sewer)
  An ice beast (D:5)
  A wyvern zombie (D:6)
  2 scorpions (D:4)
  A quasit (D:8)
  3 orc wizards
  4 orc priests
  A bullfrog skeleton (D:4)
  A centaur skeleton (D:4)
  2 worker ants
  4 gnolls (D:4)
  3 adders
  An ooze (D:4)
  5 worms
  3 leopard geckos
  5 orcs
  6 bats
  2 giant cockroaches (D:2)
  7 goblins
  A hobgoblin (D:1)
  11 jackals
  5 kobolds
  5 quokkas
  A ball python (D:2)
  7 frilled lizards
  11 rats
96 creatures vanquished.

Notes
Turn   | Place    | Note
-------+----------+-------------------------------------------
     0 | D:1      | Mrkaede the Gargoyle Berserker began the quest for the Orb.
     0 | D:1      | Reached XP level 1. HP: 14/14 MP: 1/1
   167 | D:1      | Reached XP level 2. HP: 19/19 MP: 2/2
   220 | D:1      | Found a snail-covered altar of Cheibriados.
   518 | D:2      | Reached XP level 3. HP: 22/24 MP: 3/3
   615 | D:2      | Reached ** piety under Trog
   688 | D:2      | Found an ancient bone altar of Kikubaaqudgha.
   690 | D:2      | Found a blossoming altar of Fedhas.
   971 | D:2      | Found a bloodstained altar of Trog.
   973 | D:2      | Found a shimmering altar of Xom.
  1295 | D:3      | Reached XP level 4. HP: 17/29 MP: 4/4
  1526 | D:3      | Found a blossoming altar of Fedhas.
  1633 | D:3      | Found a stormy altar of Qazlal.
  1635 | D:3      | Noticed an air elemental
  1636 | D:3      | Noticed a water elemental
  1636 | D:3      | Noticed a fire elemental
  1636 | D:3      | Noticed an earth elemental
  2072 | D:4      | Reached XP level 5. HP: 33/33 MP: 5/5
  2250 | D:4      | Reached skill level 1 in Throwing
  2250 | D:4      | Reached XP level 6. HP: 30/39 MP: 6/6
  2505 | D:4      | Found a sacrificial altar of Ru.
  2585 | D:4      | Reached skill level 5 in Maces & Flails
  2588 | D:4      | Reached skill level 5 in Fighting
  2911 | D:5      | Entered Level 5 of the Dungeon
  2918 | D:5      | Reached XP level 7. HP: 44/44 MP: 7/7
  3039 | D:5      | You fall through a shaft for 3 floors!
  3040 | D:8      | Noticed a hungry ghost
  3063 | D:8      | Killed a hungry ghost
  3508 | D:6      | Found a glowing drain.
  3519 | Sewer    | Entered a sewer
  3662 | Sewer    | Noticed Purgy
  3683 | Sewer    | Killed Purgy
  3683 | Sewer    | Reached XP level 8. HP: 33/51 MP: 8/8
  4048 | D:6      | Reached skill level 5 in Armour
  4053 | D:6      | HP: 1/76 [orc warrior/+0 long sword (10)]
  4054 | D:6      | Mangled by an orc warrior

Skill      XL: |  1  2  3  4  5  6  7  8 |
---------------+-------------------------+-----
Fighting       | 4 5 6 |  6.1
Dodging        | 2 3 |  3.1
Maces & Flails | 4 5 6 |  6.1
Armour         | 3 4 5 |  5.1
Throwing       | 1 2 |  2.3

Action                   |  1- 3 |  4- 6 |  7- 9 || total
-------------------------+-------+-------+-------++-------
Melee: Mace              |   131 |    25 |       ||   156
       Great mace        |       |   118 |   135 ||   253
Invok: Berserk           |     1 |     2 |     2 ||     5
  Use: Scroll            |       |    10 |     2 ||    12
  Eat: Chunk             |     1 |     5 |     2 ||     8
       Ration            |       |     1 |     5 ||     6
Armor: Animal skin       |     2 |       |       ||     2
       Leather armour    |    62 |     8 |       ||    70
       Scale mail        |       |    18 |       ||    18
       Chain mail        |       |   108 |   201 ||   309
Dodge: Dodged            |    87 |   127 |   136 ||   350
